3AAA
BRINKLEY BELUGAS @ WARWICK HUNCHBACKS
06/26/2018
 
TOP OF THE 1ST
Brinkley Belugas batting - Pitching for Warwick Hunchbacks : RHP Jim Unknown
Pitching: RHP Jim Unknown
Batting: RHB Jorge Torrez 0-0: Ball
1-0: Ball
2-0: Called Strike
2-1: Ball
3-1: Foul Ball, location: 2F
3-2: Ground out 6-3 (Groundball, 6)
Batting: RHB James Peterson 0-0: Called Strike
0-1: SOLO HOME RUN (Flyball, 7D), Distance : 376 ft
Batting: RHB Mark Field 0-0: Ball
1-0: Ball
2-0: Called Strike
2-1: Fly out, F9 (Flyball, 9LMF)
Batting: RHB Bernardino Minotes 0-0: Ball
1-0: Ball
2-0: Foul Ball, location: 2F
2-1: Foul Ball, location: 2F
2-2: Ball
3-2: Fly out, F9 (Flyball, 9M)
Top of the 1st over - 1 run(s), 1 hit(s), 0 error(s), 0 left on base; Brinkley 1 - Warwick 0
BOTTOM OF THE 1ST
Warwick Hunchbacks batting - Pitching for Brinkley Belugas : RHP Jim Unknown
Pitching: RHP Jim Unknown
Batting: LHB Luis Robles 0-0: Ball
1-0: Ball
2-0: Ball
3-0: Base on Balls
Batting: RHB Jim Browning 0-0: Ball
Luis Robles steals 2nd base
1-0: Ball
2-0: Fly out, F8 (Flyball, 8RS)
Batting: RHB John Huff 0-0: Called Strike
0-1: Called Strike
0-2: Ball
1-2: DOUBLE (Groundball, 5L)
Luis Robles scores
Batting: RHB Steve Brewer 0-0: Ball
1-0: Called Strike
1-1: Called Strike
1-2: Ball
2-2: Strikes out swinging
Batting: LHB Ted Cracknell 0-0: SINGLE (Groundball, 34D)
John Huff to third
Runner from 3rd tries for Home, SAFE, no throw or cutoff
Batting: RHB Julián Rocha 0-0: Ball
1-0: Called Strike
1-1: Ball
2-1: Ball
3-1: Fly out, F9 (Flyball, 89D)
Bottom of the 1st over - 2 run(s), 2 hit(s), 0 error(s), 1 left on base; Brinkley 1 - Warwick 2
TOP OF THE 2ND
Brinkley Belugas batting - Pitching for Warwick Hunchbacks : RHP Jim Unknown
Batting: LHB George Wilcox 0-0: Ball
1-0: Reached on Error, E7 (Flyball, 78M)
Batting: LHB Jim Unknown 0-0: Ball
1-0: Called Strike
1-1: Foul Ball, location: 2F
1-2: Ball
2-2: Foul Ball, location: 2F
2-2: SINGLE (Groundball, 4)
George Wilcox to second
George Wilcox to third
Batting: RHB Dean Strickland 0-0: Called Strike
0-1: Swinging Strike
0-2: Foul Ball, location: 2F
0-2: Ball
1-2: SINGLE (Line Drive, 34)
George Wilcox scores
Jim Unknown to second
Batting: RHB Jim Unknown 0-0: Ball
1-0: Fly out, F5 (Line Drive, 5)
Batting: RHB Juan Díaz 0-0: Called Strike
0-1: Called Strike
0-2: Strikes out swinging
Batting: RHB Jorge Torrez 0-0: Foul Ball, location: 2F
0-1: Foul Ball, location: 2F
0-2: Foul Ball, location: 2F
0-2: Ball
1-2: Ball
2-2: TRIPLE (Flyball, 8LXD)
Jim Unknown scores
Dean Strickland scores
Batting: RHB James Peterson 0-0: Ball
1-0: SINGLE (Groundball, 4D)
Jorge Torrez scores
Pitching: RHP Ánibal Sánchez
Batting: RHB Mark Field 0-0: Ball
1-0: Called Strike
1-1: Ball
2-1: Swinging Strike
2-2: Foul Ball, location: 2F
2-2: Strikes out looking
Top of the 2nd over - 4 run(s), 4 hit(s), 1 error(s), 1 left on base; Brinkley 5 - Warwick 2
BOTTOM OF THE 2ND
Warwick Hunchbacks batting - Pitching for Brinkley Belugas : RHP Jim Unknown
Batting: RHB Edwin McClung 0-0: Ball
1-0: Foul Ball, location: 2F
1-1: Ball
2-1: Fly out, F9 (Line Drive, 89D)
Batting: RHB Octávio Castaneda 0-0: Ball
1-0: Ball
2-0: Ball
3-0: Called Strike
3-1: Bunt for hit - play at first, batter safe!
Batting: RHB Mike O'Brien 0-0: Called Strike
0-1: Ball
1-1: SINGLE (Line Drive, 8LS)
Octávio Castaneda to second
Batting: LHB Luis Robles 0-0: Called Strike
0-1: Fly out, F8 (Flyball, 8RS)
Batting: RHB Jim Browning 0-0: Called Strike
0-1: Ball
1-1: Fly out, F9 (Line Drive, 89M)
Bottom of the 2nd over - 0 run(s), 2 hit(s), 0 error(s), 2 left on base; Brinkley 5 - Warwick 2
TOP OF THE 3RD
Brinkley Belugas batting - Pitching for Warwick Hunchbacks : RHP Ánibal Sánchez
Batting: RHB Bernardino Minotes 0-0: Fly out, F7 (Flyball, 78XD)
Batting: LHB George Wilcox 0-0: Called Strike
0-1: Ball
1-1: SINGLE (Flyball, 78S) - OUT at second base trying to stretch hit.
Batting: LHB Jim Unknown 0-0: Ball
1-0: Ball
2-0: Ball
3-0: Called Strike
3-1: Fly out, F8 (Flyball, 8RD)
Top of the 3rd over - 0 run(s), 1 hit(s), 0 error(s), 0 left on base; Brinkley 5 - Warwick 2
BOTTOM OF THE 3RD
Warwick Hunchbacks batting - Pitching for Brinkley Belugas : RHP Jim Unknown
Batting: RHB John Huff 0-0: Ball
1-0: Ball
2-0: Ball
3-0: Called Strike
3-1: Base on Balls
Batting: RHB Steve Brewer 0-0: Foul Ball, location: 2F
0-1: Ball
1-1: Ball
2-1: Ground out 5-3 (Groundball, 6)
John Huff to second
Batting: LHB Ted Cracknell 0-0: Swinging Strike
0-1: Swinging Strike
0-2: Foul Ball, location: 2F
0-2: Strikes out swinging
Batting: RHB Julián Rocha 0-0: Fly out, F7 (Flyball, 78M)
Bottom of the 3rd over - 0 run(s), 0 hit(s), 0 error(s), 1 left on base; Brinkley 5 - Warwick 2
TOP OF THE 4TH
Brinkley Belugas batting - Pitching for Warwick Hunchbacks : RHP Ánibal Sánchez
Batting: RHB Dean Strickland 0-0: Ball
1-0: Called Strike
1-1: Foul Ball, location: 2F
1-2: Foul Ball, location: 2F
1-2: Ball
2-2: Ball
3-2: Foul Ball, location: 2F
3-2: Foul Ball, location: 2F
3-2: Base on Balls
Batting: RHB Jim Unknown 0-0: Ball
1-0: Called Strike
1-1: SINGLE (Groundball, 6MD)
Dean Strickland to second
Batting: RHB Juan Díaz 0-0: Ball
1-0: Foul Ball, location: 2F
1-1: Ball
2-1: Called Strike
2-2: Fielders Choice at 2nd, 1-6 (Groundball, 23)
Dean Strickland to third
Batting: RHB Jorge Torrez 0-0: Foul Ball, location: 2F
0-1: Hit by Pitch
Juan Díaz to second
Batting: RHB James Peterson 0-0: Ball
1-0: Foul Ball, location: 2F
1-1: Grounds into double play, 5-4-3 (Groundball, 56)
Top of the 4th over - 0 run(s), 1 hit(s), 0 error(s), 2 left on base; Brinkley 5 - Warwick 2
BOTTOM OF THE 4TH
Warwick Hunchbacks batting - Pitching for Brinkley Belugas : RHP Jim Unknown
Batting: RHB Edwin McClung 0-0: Ball
1-0: Ball
2-0: SINGLE (Line Drive, 56)
Batting: RHB Octávio Castaneda 0-0: Swinging Strike
0-1: Grounds into double play, 5-4-3 (Groundball, 5)
Batting: RHB Mike O'Brien 0-0: Ball
1-0: Ball
2-0: Called Strike
2-1: Swinging Strike
2-2: Fly out, F9 (Flyball, 9M)
Bottom of the 4th over - 0 run(s), 1 hit(s), 0 error(s), 0 left on base; Brinkley 5 - Warwick 2
TOP OF THE 5TH
Brinkley Belugas batting - Pitching for Warwick Hunchbacks : RHP Ánibal Sánchez
Batting: RHB Mark Field 0-0: Called Strike
0-1: Swinging Strike
0-2: Ground out 3-1 (Groundball, 34S)
Batting: RHB Bernardino Minotes 0-0: Called Strike
0-1: SINGLE (Line Drive, 34D)
Batting: LHB George Wilcox 0-0: Ball
1-0: Foul Ball, location: 2F
1-1: Called Strike
1-2: Ball
2-2: 2-RUN HOME RUN (Flyball, 9LD), Distance : 334 ft
Pitching: RHP Woody Pratt
Batting: LHB Jim Unknown 0-0: Foul Ball, location: 2F
0-1: Foul Ball, location: 2F
0-2: Ball
1-2: Ball
2-2: Fly out, F7 (Flyball, 8LS)
Batting: RHB Dean Strickland 0-0: Called Strike
0-1: Ball
1-1: Ball
2-1: Fly out, F6 (Line Drive, 6MD)
Top of the 5th over - 2 run(s), 2 hit(s), 0 error(s), 0 left on base; Brinkley 7 - Warwick 2
BOTTOM OF THE 5TH
Warwick Hunchbacks batting - Pitching for Brinkley Belugas : RHP Jim Unknown
Batting: LHB Luis Robles 0-0: Ball
1-0: Foul Ball, location: 2F
1-1: SINGLE (Flyball, 8LS)
Batting: RHB Jim Browning 0-0: Called Strike
0-1: Ball
1-1: Ball
2-1: SINGLE (Groundball, 6)
Luis Robles to second
Batting: RHB John Huff 0-0: Ball
1-0: Ball
2-0: Called Strike
2-1: Ball
3-1: Base on Balls
Luis Robles to third
Jim Browning to second
Batting: RHB Steve Brewer 0-0: Ball
1-0: Called Strike
1-1: Fly out, F9 (Flyball, 89D)
Runner from 3rd tags up, SCORES, no throw
Jim Browning to third
Batting: LHB Ted Cracknell 0-0: Ball
1-0: Ball
2-0: Fly out, F7 (Flyball, 7M)
Batting: RHB Julián Rocha 0-0: Fly out, F9 (Flyball, 9M)
Bottom of the 5th over - 1 run(s), 2 hit(s), 0 error(s), 2 left on base; Brinkley 7 - Warwick 3
TOP OF THE 6TH
Brinkley Belugas batting - Pitching for Warwick Hunchbacks : RHP Woody Pratt
Batting: RHB Jim Unknown 0-0: Called Strike
0-1: Called Strike
0-2: Foul Ball, location: 2F
0-2: Strikes out swinging
Batting: RHB Juan Díaz 0-0: Ball
1-0: Called Strike
1-1: Swinging Strike
1-2: Ball
2-2: Ball
3-2: Foul Ball, location: 2F
3-2: Strikes out looking
Batting: RHB Jorge Torrez 0-0: Called Strike
0-1: Called Strike
0-2: Ball
1-2: Ball
2-2: Foul Ball, location: 2F
2-2: Ball
3-2: Foul Ball, location: 2F
3-2: Base on Balls
Batting: RHB James Peterson 0-0: Fly out, F9 (Flyball, 9LS)
Top of the 6th over - 0 run(s), 0 hit(s), 0 error(s), 1 left on base; Brinkley 7 - Warwick 3
BOTTOM OF THE 6TH
Warwick Hunchbacks batting - Pitching for Brinkley Belugas : RHP Jim Unknown
Batting: RHB Edwin McClung 0-0: Ball
1-0: Ball
2-0: Ball
3-0: Called Strike
3-1: SINGLE (Groundball, 6MD)
Batting: RHB Octávio Castaneda 0-0: Ball
1-0: Called Strike
1-1: Ball
2-1: Swinging Strike
2-2: Strikes out swinging
Batting: RHB Mike O'Brien 0-0: Grounds into double play, 1-6-3 (Groundball, 13S)
Bottom of the 6th over - 0 run(s), 1 hit(s), 0 error(s), 0 left on base; Brinkley 7 - Warwick 3
TOP OF THE 7TH
Brinkley Belugas batting - Pitching for Warwick Hunchbacks : RHP Woody Pratt
Batting: RHB Mark Field Single, Error in OF, E9, batter to second base
Batting: RHB Bernardino Minotes 0-0: Ball
1-0: DOUBLE (Line Drive, 7LS)
Mark Field scores
Batting: LHB George Wilcox 0-0: Swinging Strike
0-1: Ball
1-1: Ball
2-1: Called Strike
2-2: Fly out, F5 (Popup, 5DF)
Pitching: LHP Rocky Russell
Batting: LHB Jim Unknown 0-0: Called Strike
0-1: Swinging Strike
0-2: Ball
1-2: Foul Ball, location: 2F
1-2: Foul Ball, location: 2F
1-2: Ball
2-2: Foul Ball, location: 2F
2-2: Ball
3-2: Strikes out swinging
Batting: RHB Dean Strickland 0-0: Foul Ball, location: 2F
0-1: Ball
1-1: Called Strike
1-2: DOUBLE (Flyball, 8RD)
Bernardino Minotes scores
Batting: RHB Jim Unknown 0-0: Reached on error, E5 (Groundball, 5)
Dean Strickland scores
Batting: RHB Juan Díaz 0-0: Ball
1-0: Called Strike
1-1: Ball
2-1: Foul Ball, location: 2F
2-2: Ground out 5-3 (Groundball, 56S)
Top of the 7th over - 3 run(s), 3 hit(s), 2 error(s), 1 left on base; Brinkley 10 - Warwick 3
BOTTOM OF THE 7TH
Warwick Hunchbacks batting - Pitching for Brinkley Belugas : RHP Jim Unknown
Batting: LHB Luis Robles 0-0: Swinging Strike
0-1: Foul Ball, location: 2F
0-2: Strikes out swinging
Batting: RHB Jim Browning 0-0: SINGLE (Line Drive, 6MD)
Batting: RHB John Huff 0-0: Fielders Choice at 2nd, 3-6 (Groundball, 3)
Batting: RHB Steve Brewer 0-0: Called Strike
0-1: Ball
1-1: Ball
2-1: Foul Ball, location: 2F
2-2: Foul Ball, location: 2F
2-2: Fly out, F3 (Popup, 3F)
Bottom of the 7th over - 0 run(s), 1 hit(s), 0 error(s), 1 left on base; Brinkley 10 - Warwick 3
TOP OF THE 8TH
Brinkley Belugas batting - Pitching for Warwick Hunchbacks : LHP Rocky Russell
Batting: RHB Jorge Torrez 0-0: Ball
1-0: Called Strike
1-1: Ground out 5-3 (Groundball, 56)
Batting: RHB James Peterson 0-0: Swinging Strike
0-1: SINGLE (Groundball, 56D)
Batting: RHB Mark Field 0-0: Fielders Choice at 2nd, 3-6 (Groundball, 3)
Batting: RHB Bernardino Minotes 0-0: Called Strike
0-1: Ball
1-1: Ground out 5-3 (Groundball, 5S)
Top of the 8th over - 0 run(s), 1 hit(s), 0 error(s), 1 left on base; Brinkley 10 - Warwick 3
BOTTOM OF THE 8TH
Warwick Hunchbacks batting - Pitching for Brinkley Belugas : RHP Jim Unknown
Batting: LHB Ted Cracknell 0-0: Swinging Strike
0-1: Ball
1-1: Fly out, F5 (Popup, 15)
Batting: RHB Julián Rocha 0-0: SINGLE (Groundball, 34D)
Batting: RHB Edwin McClung 0-0: Foul Ball, location: 2F
0-1: DOUBLE (Line Drive, 5D)
Julián Rocha to third
Batting: RHB Octávio Castaneda 0-0: Swinging Strike
0-1: Ball
1-1: Ball
2-1: DOUBLE (Line Drive, 7D)
Julián Rocha scores
Edwin McClung scores
Batting: RHB Mike O'Brien 0-0: Called Strike
0-1: Ball
1-1: Ground out 6-3 (Groundball, 6MS)
Octávio Castaneda to third
Pitching: RHP Melvin González
Batting: LHB Luis Robles 0-0: Ball
1-0: Ball
2-0: Called Strike
2-1: Ball
3-1: Swinging Strike
3-2: Strikes out swinging
Bottom of the 8th over - 2 run(s), 3 hit(s), 0 error(s), 1 left on base; Brinkley 10 - Warwick 5
TOP OF THE 9TH
Brinkley Belugas batting - Pitching for Warwick Hunchbacks : LHP Rocky Russell
Batting: LHB George Wilcox 0-0: Ball
1-0: SINGLE (Groundball, 3L) (infield hit)
Batting: LHB Jim Unknown 0-0: Called Strike
0-1: Ball
1-1: Ball
2-1: SINGLE (Flyball, 6MD)
George Wilcox to second
Batting: RHB Dean Strickland 0-0: Ball
1-0: SINGLE (Line Drive, 6M)
George Wilcox to third
Jim Unknown to second
Runner from 3rd tries for Home, SAFE, throw made home
Jim Unknown to third
Dean Strickland to second
Pitching: RHP Lou Armstrong
Batting: RHB Jim Unknown 0-0: Ball
1-0: Ball
2-0: Swinging Strike
2-1: Ball
3-1: SINGLE (Line Drive, 78S)
Jim Unknown scores
Dean Strickland to third
Batting: RHB Juan Díaz 0-0: Called Strike
0-1: Called Strike
0-2: Fly out, F4 (Popup, 9LS)
Batting: RHB Jorge Torrez 0-0: Fly out, F8 (Flyball, 8RM)
Batting: RHB James Peterson 0-0: Called Strike
0-1: Ball
1-1: Fly out, F7 (Flyball, 7M)
Top of the 9th over - 2 run(s), 4 hit(s), 0 error(s), 2 left on base; Brinkley 12 - Warwick 5
BOTTOM OF THE 9TH
Warwick Hunchbacks batting - Pitching for Brinkley Belugas : RHP Melvin González
Batting: RHB Jim Browning 0-0: Ball
1-0: Ball
2-0: Swinging Strike
2-1: Foul Ball, location: 2F
2-2: Foul Ball, location: 2F
2-2: Strikes out swinging
Batting: RHB John Huff 0-0: Called Strike
0-1: Foul Ball, location: 2F
0-2: Strikes out swinging
Batting: RHB Steve Brewer 0-0: Called Strike
0-1: Ball
1-1: Ball
2-1: Called Strike
2-2: Foul Ball, location: 2F
2-2: Ball
3-2: Strikes out swinging
Bottom of the 9th over - 0 run(s), 0 hit(s), 0 error(s), 0 left on base; Brinkley 12 - Warwick 5
This league is powered by Out of the Park Baseball, the baseball management simulation game for PC, Mac and Linux
Monday, May 4th, 2015 - OOTP Baseball 15.6 Build 34